 Dungeon Crawl Stone Soup version 0.29.1-12-g30fa7ad0bf (webtiles) character file.

Game seed: 8886230994531518014

15 suipiss the Trooper (level 2, 0/24 HPs)
             Began as a Demonspawn Abyssal Knight on Dec 31, 2022.
             Was a Believer of Lugonu.
             Slain by a quokka (1 damage)
             ... on level 1 of the Dungeon.
             The game lasted 00:01:02 (743 turns).

suipiss the Trooper (Demonspawn Abyssal Knight)      Turns: 743, Time: 00:01:02

Health: 0/24       AC:  3    Str: 13    XL:     2   Next: 34%
Magic:  4/4        EV: 11    Int: 11    God:    Lugonu [**....]
Gold:   16         SH:  0    Dex: 13    Spells: 1/1 levels left

rFire   . . .      SeeInvis .   c - +1 whip (venom)
rCold   . . .      Faith    .   (no shield)
rNeg    . . .      Spirit   .   b - +0 leather armour
rPois   .          Reflect  .   (helmet restricted)
rElec   .          Harm     .   (no cloak)
rCorr   .          Rampage  .   (no gloves)
Will    .....                   (no boots)
Stlth   +.........              (no amulet)
HPRegen 0.08/turn               (no ring)
MPRegen 0.09/turn               (no ring)

@: no status effects
A: horns 1
a: Renounce Religion, Depart the Abyss, Bend Space


You were on level 1 of the Dungeon.
You worshipped Lugonu.
Lugonu was pleased with you.
You visited 1 branch of the dungeon, and saw 1 of its levels.
You visited the Abyss 1 time.

You collected 16 gold pieces.

Inventory:

Hand Weapons
 a - a +1 mace
 c - a +1 whip of venom (weapon)
Armour
 b - a +0 leather armour (worn)
Scrolls
 d - a scroll of blinking {unknown}
 e - a scroll of identify {unknown}


   Skills:
 + Level 3.1 Fighting
 + Level 2.0 Maces & Flails
 + Level 2.0 Armour
 + Level 1.1 Dodging
 + Level 0.4 Shields
 + Level 2.7 Invocations


You had one spell level left.
You didn't know any spells.
Your spell library was empty.

Dungeon Overview and Level Annotations

Branches:
Dungeon (1/15)

Altars:


Innate Abilities, Weirdness & Mutations

You have a pair of small horns on your head.


Message History

You barely miss the kobold.
The kobold is moderately wounded.
The kobold hits you with a +0 short sword.
* * * LOW HITPOINT WARNING * * *
The endoplasm freezes you.
You are frozen.
* * * LOW HITPOINT WARNING * * *
Okay, then.
You aren't carrying any potions.
The kobold attacks as you move away! The kobold barely misses you.
The endoplasm attacks as you move away! The endoplasm completely misses you.
The endoplasm attacks as you move away! The endoplasm barely misses you.
The kobold attacks as you move away!
The kobold hits you with a +0 short sword.
* * * LOW HITPOINT WARNING * * *
The kobold throws a stone.
The stone hits you but does no damage.
Okay, then.
The endoplasm attacks as you move away! The endoplasm misses you.
The endoplasm jiggles.
The endoplasm attacks as you move away! The endoplasm closely misses you.
The endoplasm attacks as you move away! The endoplasm barely misses you.
The quokka attacks as you move away!
The quokka bites you but does no damage.
The quokka attacks as you move away!
The quokka bites you but does no damage.
Okay, then.
You hit the endoplasm.
The endoplasm is poisoned.
The endoplasm is moderately wounded.
The endoplasm freezes you.
You are frozen.
* * * LOW HITPOINT WARNING * * *
You kill the endoplasm!
Lugonu accepts your kill.
Your Maces & Flails skill increases to level 2!
An endoplasm comes into view.
You hit the quokka but do no damage.
The quokka is poisoned.
Your headbutt misses the quokka.
The endoplasm quivers.
The quokka bites you.
You die...

#.........# #.........# #####
......... #...# # ....... #...# #
J.... #...# # ... #(..#### # #.#
#......# # ##########@# #......#
#######......K.r.# #......#
##.......#################......#
.........).................>....#
....................######...†...
####.....####....#.......#.......
#.....####....#...###.#.......
#.....##......#.#.....#.......
##.#####..............#.......


You could see an endoplasm, a quokka (very poisoned) and a kobold.

Vanquished Creatures
  A ball python (D:1)
  A bat (D:1)
  2 endoplasms (D:1)
  2 goblins (D:1)
  A hobgoblin (D:1)
  2 quokkas (D:1)
  2 frilled lizards (D:1)
  2 kobolds (D:1)
13 creatures vanquished.

Notes
Turn   | Place    | Note
-------+----------+-------------------------------------------
     0 | Abyss:1  | suipiss the Demonspawn Abyssal Knight began the quest for
                  | the Orb.
     0 | Abyss:1  | Reached XP level 1. HP: 18/18 MP: 2/2
   168 | Abyss:1  | Found a corrupted altar of Lugonu.
   188 | Abyss:1  | Noticed a large abomination
   202 | D:1      | Escaped the Abyss
   381 | D:1      | Reached skill level 1 in Dodging
   586 | D:1      | Reached ** piety under Lugonu
   587 | D:1      | Gained mutation: You have a pair of small horns on your
                  | head. [demonic ancestry]
   587 | D:1      | Reached XP level 2. HP: 24/24 MP: 3/3
   675 | D:1      | Found a faded altar of an unknown god.
   737 | D:1      | HP: 1/24 [frozen (2)]
   743 | D:1      | Slain by a quokka

Illustrated notes

Levels and vault maps discovered:
D:1:      zaba_arrival_water, layout_basic, shapermc_ecumenical_altar_acropolis

Skill      XL: |  1  2 |
---------------+-------+-----
Dodging        | 1 |  1.1
Armour         | 2 |  2.0
Maces & Flails | 2 |  2.0
Fighting       | |  3.1
Shields        | |  0.4
Invocations    | |  2.7

Action                   || total
-------------------------++-------
Melee: Mace              ||    14
       Whip              ||    22
       Headbutt          ||     1
Invok: Depart the Abyss  ||     1
 Stab: Sleeping          ||     1
Armor: Leather armour    ||    13
Dodge: Dodged            ||    25
